 Dungeon Crawl Stone Soup version 0.31-a0-354-g827e0957a7 (webtiles) character file.

Game seed: 17324579451312701737

190818 tilp the Unseen (level 17, -6/138 HPs)
             Began as a Vampire Enchanter on July 22, 2023.
             Was the Champion of Wu Jian.
             Mangled by a snapping turtle (18 damage)
             ... on level 2 of the Shoals on July 23, 2023.
             The game lasted 01:54:43 (42964 turns).

tilp the Unseen (Vampire Enchanter)                Turns: 42964, Time: 01:54:44

Health: -6/138     AC: 25    Str: 16    XL:     17   Next: 55%
Magic:  21/32      EV: 15    Int: 28    God:    Wu Jian [******]
Gold:   1010       SH:  4    Dex: 15    Spells: 2/38 levels left

rFire   . . .        a - +3 dagger (elec)
rCold   . . .        M - +0 buckler
rNeg    . . .        J - +5 ring mail of Responsibility {Str+4}
rPois   +            w - +2 helmet {SInv}
rElec   .            W - +1 cloak {Will+}
rCorr   .            e - +1 pair of gloves
SInv    +            k - +1 pair of boots {Fly}
Will    ++...        r - amulet of magic regeneration
Stlth   ++++++       y - +4 ring of protection
HPRegen 0.63/turn    b - ring "Koxyelue" {rPois Str+5 Int+3}
MPRegen 0.63/turn

%: no passive effects
@: flying, healing quickly, studying Necromancy
A: alive, fangs 3, see invisible, vampiric 2
}: 1/15 runes: serpentine
a: Exsanguinate, Renounce Religion, Wall Jump, Serpent's Lash, Heavenly Storm


You were on level 2 of the Shoals.
You worshipped Wu Jian.
Wu Jian was exalted by your worship.
You visited 6 branches of the dungeon, and saw 29 of its levels.
You also visited: Bailey, Gauntlet and Ice Cave.

You collected 3239 gold pieces.
You spent 2229 gold pieces at shops.

Inventory:

Hand Weapons
 a - a +3 dagger of electrocution (weapon)
Missiles
 n - 27 boomerangs
 E - 29 poisoned darts (quivered)
 F - a curare-tipped dart
 S - 3 silver boomerangs
Armour
 e - a +1 pair of gloves (worn)
 k - a +1 pair of boots of flying (worn)
 w - a +2 helmet of see invisible (worn)
 J - the +5 ring mail of Responsibility (worn) {Str+4}
   (You found it in a bailey)

   Str:       It affects your strength (+4).
 M - a +0 buckler (worn)
 W - a +1 cloak of willpower (worn)
Magical Staves
 U - a staff of conjuration
Jewellery
 b - the ring "Koxyelue" (right hand) {rPois Str+5 Int+3}
   (You acquired it on level 2 of the Lair of Beasts)

   [ring of poison resistance]

   Str:       It affects your strength (+5).
   Int:       It affects your intelligence (+3).
   rPois:     It protects you from poison.
 g - a ring of willpower
 r - an amulet of magic regeneration (around neck)
 y - a +4 ring of protection (left hand)
 z - a ring of resist corrosion
 A - a ring of protection from cold
 L - a ring of protection from fire
Wands
 m - a wand of roots (1)
 t - a wand of flame (41)
 B - a wand of mindburst (13)
 H - a wand of light (5)
 R - a wand of digging (6)
 X - a wand of paralysis (5)
Scrolls
 i - 11 scrolls of teleportation
 p - 4 scrolls of poison
 q - 11 scrolls of fear
 D - 2 scrolls of fog
 I - 3 scrolls of vulnerability
 O - 5 scrolls of identify
 P - 7 scrolls of revelation
 V - 6 scrolls of blinking
Potions
 c - 7 potions of invisibility
 d - a potion of resistance
 f - 4 potions of lignification
 j - 6 potions of enlightenment
 l - 2 potions of magic
 o - 7 potions of curing
 u - 4 potions of mutation
 x - a potion of heal wounds
 K - 3 potions of cancellation
 N - 3 potions of ambrosia
 Q - 3 potions of might
 T - a potion of berserk rage
 Y - 2 potions of attraction
 Z - 7 potions of haste
Miscellaneous
 h - a phantom mirror (inert)
 C - a box of beasts
 G - a phial of floods (inert)


   Skills:
 * Level 13.8 Fighting
 - Level 10.0 Short Blades
 - Level 6.0 Armour
 - Level 10.0 Dodging
 + Level 17.0 Stealth
 - Level 2.0 Shields
 - Level 11.0 Spellcasting
 - Level 4.0 Conjurations
 * Level 14.6 Hexes
 - Level 4.0 Necromancy
 - Level 6.0 Translocations
 + Level 9.7 Transmutations
 - Level 4.0 Ice Magic
 - Level 4.0 Air Magic
 - Level 10.0 Evocations


You had 2 spell levels left.
You knew the following spells:

 Your Spells              Type           Power      Damage    Failure   Level
a - Ensorcelled Hibernat  Hex/Ice        100%       N/A       1%          2
b - Confusing Touch       Hex            78%        N/A       1%          3
c - Tukima's Dance        Hex            78%        N/A       1%          3
d - Dazzling Flash        Conj/Hex       100%       N/A       1%          3
e - Cause Fear            Hex            39%        N/A       1%          4
f - Yara's Violent Unrav  Hex/Tmut       35%        3d14      1%          5
g - Swiftness             Air            37%        N/A       4%          3
h - Blink                 Tloc           98%        N/A       1%          2
i - Anguish               Hex/Necr       30%        N/A       1%          4
j - Enfeeble              Hex            39%        N/A       17%         7

Your spell library contained the following spells:

 Spells                   Type           Power      Damage    Failure   Level
 Magic Dart               Conj           100%       1d8       1%          1
 Shock                    Conj/Air       100%       1d9       1%          1
 Sting                    Tmut/Pois      100%       1d8       1%          1
 Lesser Beckoning         Tloc           98%        N/A       1%          2
 Wereblood                Tmut           63%        N/A       1%          2
 Static Discharge         Conj/Air       74%        2-6/arc   2%          2
 Cigotuvi's Dreadful Rot  Necr/Pois/Air  60%        N/A       4%          2
 Poisonous Vapours        Pois/Air       52%        N/A       5%          2
 Call Imp                 Summ           30%        N/A       13%         2
 Inner Flame              Hex/Fire       54%        N/A       1%          3
 Gell's Gravitas          Tloc           49%        N/A       2%          3
 Teleport Other           Tloc           49%        N/A       2%          3
 Ignite Poison            Fire/Tmut/Pois 33%        N/A       7%          3
 Manifold Assault         Tloc           49%        N/A       7%          4
 Mephitic Cloud           Conj/Pois/Air  30%        N/A       9%          3
 Irradiate                Conj/Tmut      26%        3d20      14%         5
 Airstrike                Air            18%        2d(3-19)  16%         4
 Summon Lightning Spire   Summ/Air       26%        N/A       36%         4
 Freezing Cloud           Conj/Ice/Air   18%        6-21      41%         5
 Olgreb's Toxic Radiance  Pois           15%        N/A       63%         4


Dungeon Overview and Level Annotations

Branches:
Dungeon (15/15)            Temple (1/1) D:4            Lair (5/5) D:8
 Shoals (2/4) Lair:2        Snake (4/4) Lair:3        Slime (0/5) Lair:4
    Orc (2/2) D:12            Elf (0/3) Orc:2        Vaults (0/5) D:14
 Depths (0/4) D:15         Bailey (visited)           IceCv (visited)
Gauntlet (visited)

Altars:
Ashenzari
Cheibriados
Dithmenos
Fedhas
Gozag
Hepliaklqana
Kikubaaqudgha
Makhleb
Nemelex Xobeh
Okawaru
Qazlal
Ru
Sif Muna
Trog
Uskayaw
Vehumet
Wu Jian
Xom
Yredelemnul
Jiyva

Shops:
D:6 *   D:7 ((?   D:15 !   Orc:1 [   Orc:2 ((*?

Portals:
Trove: D:14 (give +2 storm dragon scales)

Annotations:
Lair:5 exclusion: obsidian statue
Snake:2 3 runed translucent doors, Punaxali's ghost, journeyman MiBe; Wammyab's ghost, adept DsNe
Snake:4 1 runed translucent door, Ymoomn's ghost, adept MiBe


Innate Abilities, Weirdness & Mutations

Your natural rate of healing is accelerated.
You have razor-sharp teeth.
You have supernaturally acute eyesight. (SInv)
You are afflicted with vampirism and can become a bat while bloodless.


Message History

The merfolk resists with almost no effort.
The snapping turtle easily resists.
The sea snake is haunted by guilt!
The dream sheep is haunted by guilt!
Unknown command.
Unknown command.
Unknown command.
You feel much better.
Casting: Anguish (mildly dangerous; 1% risk of failure)
Confirm with . or Enter, or press ? or * to list all spells.
Aiming: Ensorcelled Hibernation (safe; 1% risk of failure)
Press: ? - help, Shift-Dir - straight line, f - sea snake
Aim: a sea snake (water, severely wounded, anguished, chance to affect: 54%)
The sea snake looks drowsy...
The merfolk hits you from afar with a +0 trident!
* * * LOW HITPOINT WARNING * * *
Unknown command.
The helpless sea snake fails to defend itself.
You spit the sea snake like a pig!!!!
You kill the sea snake!
The Council accepts your kill.
Unknown command.
Casting: Ensorcelled Hibernation (safe; 1% risk of failure)
Confirm with . or Enter, or press ? or * to list all spells.
Aiming: Ensorcelled Hibernation (safe; 1% risk of failure)
Press: ? - help, Shift-Dir - straight line, f - merfolk
Aim: a merfolk, wielding a +0 trident (water, chance to affect: 54%)
The merfolk looks drowsy...
Unknown command.
You lunge at the merfolk, in a flurry of attacks.
The helpless merfolk fails to defend itself.
You stick the merfolk like a pincushion!!!!!
You kill the merfolk!
The Council accepts your kill.
You hear a splash.
The snapping turtle bites you from afar!!
* * * LOW HITPOINT WARNING * * *
The dream sheep ruffles its wool and motes of dream dust sparkle, to no effect.
The dream sheep ruffles its wool and motes of dream dust sparkle, to no effect.
The snapping turtle bites you from afar!!
You die...

~≈~PP............#
P~P~PP≈≈≈P~.......)~...#
~≈≈≈≈≈≈≈≈~~.†#....~~"...
≈≈≈≈≈≈≈≈≈~~...(...~~~...
≈≈≈≈≈≈≈≈≈≈~~P......~~~~~
≈≈≈≈≈≈≈≈≈≈~......~~.~~~~
≈≈≈≈≈≈≈≈≈P~......~~~~~~~
≈≈≈≈≈≈≈≈≈P~Y....~.~~~~~~
≈≈≈≈≈≈≈@≈t~P~.~~~~~~~..~
≈≈≈≈≈≈≈≈≈≈~~P..~~~~...##
≈≈≈≈≈≈≈≈≈≈≈P~.$~~~.<...#
≈≈≈≈≈≈≈≈≈P~.....~~.##...
≈≈≈≈≈≈≈≈≈~~.....~~.##...
≈≈≈≈≈≈≈≈≈≈~~~~~~~~......
≈≈≈≈≈≈≈≈≈≈~~~~~.~~....~~
≈≈≈≈≈≈≈≈≈≈≈≈≈~~~~~~..~~~
≈≈≈≈≈≈≈≈≈≈≈≈≈~~~~~~~~~~


You could see a snapping turtle and a dream sheep (anguished).

Vanquished Creatures
  Vashnia (Snake:2)
  Nikola (Snake:3)
  Jorgrun (Orc:1)
  Donald (Snake:3)
  6 nagarajas (Snake:4)
  The ghost of qborf the Jinx, a journeyman FoEn of Cheibriados (D:12)
  Louise (D:15)
  3 dire elephants (Lair:5)
  A minotaur (Gauntlet)
  The ghost of Ratus the Grappler, a journeyman TrBe of Trog (Lair:2)
  A merfolk javelineer (D:12)
  Josephine (Orc:2)
  3 jiangshi (D:13)
  A merfolk impaler (D:12)
  2 ice dragons (D:15)
  6 centaur warriors
  9 hydras
  11 anacondas
  2 catoblepae (Lair:5)
  2 two-headed ogres (D:11)
  A dancing weapon (D:14)
  A death knight (D:12)
  16 naga warriors
  2 death yaks (Lair:5)
  3 tengu warriors
  A boulder beetle (D:11)
  The ghost of Swamplord the Grappler, a novice DrSh of Cheibriados (D:8)
  6 orc high priests
  12 shock serpents
  A vampire mage (D:13)
  14 naga sharpshooters
  3 spectral death yaks (Lair:5)
  Amaemon (Lair:1)
  4 sea snakes
  3 skysharks
  5 salamander mystics
  An orange crystal statue (Gauntlet)
  11 naga ritualists
  A wizard (D:12)
  3 harpies (Shoals:1)
  5 necromancers
  7 mana vipers
  9 orc knights
  A harpy (shapeshifter) (D:14)
  3 manticores
  3 ugly things (D:14)
  3 orc sorcerers
  8 cyclopes
  9 salamanders
  3 fauns (Shoals:1)
  2 dire elephant zombies (Lair:5)
  Joseph (D:8)
  Maurice (D:9)
  7 elephants (Lair:5)
  An ice statue (IceCv)
  A merfolk siren (Shoals:1)
  36 black mambas
  3 guardian serpents
  3 gargoyles
  17 naga magi
  A water nymph (Lair:2)
  An orange demon (Lair:1)
  10 cane toads
  2 rime drakes
  4 komodo dragons
  An unseen horror (D:12)
  An efreet (D:15)
  12 ice devils (IceCv)
  A spectral unseen horror (D:8)
  6 freezing wraiths
  A guardian mummy (D:14)
  A queen bee (Gauntlet)
  7 trolls
  A troll (shapeshifter) (D:15)
  A polar bear (Lair:4)
  A wind drake (Shoals:2)
  3 hornets
  A raiju (shapeshifter) (D:13)
  8 merfolk
  5 dream sheep
  3 snapping turtles (Shoals:1)
  A jumping spider (shapeshifter) (D:11)
  A centaur simulacrum (D:15)
  7 wraiths
  2 shadows (D:12)
  A dire elephant simulacrum (IceCv)
  2 basilisks
  5 vampires
  4 wyverns
  A water elemental (Shoals:1)
  2 steam dragons
  18 yaks
  4 vampire mosquitoes (D:13)
  3 death yak simulacra (IceCv)
  A redback (Gauntlet)
  3 spectral cane toads (Lair:5)
  10 water moccasins
  4 wargs
  72 nagas
  3 hydra simulacra (IceCv)
  3 acid dragons
  2 harpy simulacra (IceCv)
  27 orc warriors
  A sky beast (D:7)
  A black bear (D:5)
  3 ice beasts
  9 wolves
  5 ogres
  2 elephant zombies (Lair:5)
  9 centaurs
  A phantom (D:4)
  An elephant skeleton (Lair:5)
  2 kobold brigands
  Blork the orc (D:5)
  7 bullfrogs
  4 cane toad simulacra
  A gnoll sergeant (D:13)
  4 scorpions
  3 two-headed ogre simulacra (IceCv)
  6 wights
  7 elephant simulacra
  12 killer bees
  2 electric eels (D:8)
  7 vampire bats (Bailey)
  2 howler monkeys (D:11)
  6 wolf zombies (Bailey)
  A crimson imp (D:3)
  A centaur skeleton (D:8)
  9 hounds
  29 orc priests
  4 jellies
  4 sleepcaps
  An iguana (D:4)
  13 orc wizards
  A spriggan simulacrum (IceCv)
  A spectral killer bee (D:8)
  11 wolf simulacra (IceCv)
  A howler monkey zombie (D:8)
  A howler monkey skeleton (D:8)
  5 adders
  14 gnolls
  2 shadow imps (D:6)
  9 white imps
  A howler monkey simulacrum (D:8)
  An ufetubus (D:4)
  A worm (D:2)
  2 dart slugs
  63 orcs
  6 endoplasms
  4 giant cockroaches
  6 goblins
  10 hobgoblins
  6 quokkas (D:1)
  10 ball pythons
  5 bats
  2 frilled lizards
  A hobgoblin zombie (D:3)
  15 kobolds
  2 kobold skeletons (D:3)
  A kobold zombie (D:3)
  An orc skeleton (D:3)
  22 orc zombies
  8 rats
885 creatures vanquished.

Vanquished Creatures (collateral kills)
  A dancing weapon (D:14)
  3 naga sharpshooters
  A spectral anaconda (Lair:5)
  A naga ritualist (Snake:4)
  A mana viper (Snake:1)
  A naga (Snake:3)
  2 orc warriors (Orc:2)
  2 wights (D:8)
  2 orc priests (Orc:2)
  2 gnolls (D:13)
  An orc (Orc:2)
  A kobold (D:8)
18 creatures vanquished.

Vanquished Creatures (others)
  17 dancing weapons
  An orc warrior (Orc:2)
  A centaur (D:13)
  An orc priest (Orc:2)
  A kobold (D:10)
21 creatures vanquished.

Grand Total: 924 creatures vanquished

Notes
Turn   | Place    | Note
-------+----------+-------------------------------------------
     0 | D:1      | tilp the Vampire Enchanter began the quest for the Orb.
     0 | D:1      | Reached XP level 1. HP: 13/13 MP: 3/3
   185 | D:1      | Reached XP level 2. HP: 20/20 MP: 5/5
   191 | D:1      | Learned a level 2 spell: Ensorcelled Hibernation
   627 | D:1      | Reached skill level 1 in Fighting
   808 | D:1      | Gained mutation: You are afflicted with vampirism and can
                  | become a bat while bloodless. [Vampire growth]
   808 | D:1      | Reached XP level 3. HP: 26/26 MP: 6/6
   814 | D:1      | Learned a level 3 spell: Confusing Touch
  1593 | D:2      | Reached XP level 4. HP: 25/32 MP: 0/7
  1708 | D:2      | Learned a level 3 spell: Tukima's Dance
  1755 | D:2      | Found a faded altar of an unknown god.
  1877 | D:2      | Reached skill level 5 in Hexes
  1957 | D:2      | Reached skill level 5 in Stealth
  2622 | D:3      | Noticed an ice beast
  2649 | D:3      | Killed an ice beast
  2650 | D:3      | Reached XP level 5. HP: 36/38 MP: 3/9
  3329 | D:3      | Found a sacrificial altar of Ru.
  3374 | D:4      | Noticed a black bear
  3430 | D:4      | Reached XP level 6. HP: 40/44 MP: 10/10
  3761 | D:4      | Learned a level 3 spell: Dazzling Flash
  4027 | D:4      | Reached XP level 7. HP: 51/51 MP: 12/12
  4056 | D:4      | Reached skill level 6 in Stealth
  4330 | D:4      | Found a shimmering blue altar of Sif Muna.
  4430 | D:4      | Found a staircase to the Ecumenical Temple.
  4439 | Temple   | Entered the Ecumenical Temple
  4447 | Temple   | Became a worshipper of the Wu Jian Council
  4517 | D:5      | Entered Level 5 of the Dungeon
  5013 | D:5      | Reached XP level 8. HP: 60/60 MP: 11/14
  5299 | D:5      | Noticed Blork the orc
  5302 | D:5      | Killed Blork the orc
  5302 | D:5      | Reached * piety under Wu Jian
  5340 | D:5      | Reached skill level 5 in Short Blades
  5733 | D:5      | Learned a level 4 spell: Cause Fear
  5876 | D:6      | Reached skill level 7 in Stealth
  6043 | D:6      | Found a large runed translucent door.
  6044 | D:6      | Found a large runed translucent door.
  6201 | D:6      | Reached skill level 5 in Spellcasting
  6219 | D:6      | Found Kahei's Assorted Antiques.
  6222 | D:6      | Bought a scroll labelled KOFOBA SOKANG for 24 gold pieces
  6222 | D:6      | Bought an emerald potion for 21 gold pieces
  6765 | D:6      | Found a hide-covered altar of Uskayaw.
  6774 | D:6      | Found a shimmering altar of Xom.
  6837 | D:7      | Noticed a hornet
  6841 | D:7      | Killed a hornet
  6842 | D:7      | Reached skill level 5 in Fighting
  6842 | D:7      | Reached XP level 9. HP: 68/68 MP: 13/16
  6873 | D:7      | Found a flagged portal.
  6892 | Bailey   | Entered a bailey
  6932 | Bailey   | Reached skill level 8 in Stealth
  7306 | Bailey   | Noticed a gargoyle
  7314 | Bailey   | Killed a gargoyle
  7413 | Bailey   | Reached ** piety under Wu Jian
  7539 | Bailey   | Reached skill level 9 in Stealth
  7551 | Bailey   | Identified the +6 scale mail of Understanding {+Inv Dex+3}
  7553 | Bailey   | Identified the +5 ring mail of Responsibility {Str+4}
  7668 | D:7      | Found Owib's Antique Weapon Boutique.
  7671 | D:7      | Found Yhoevali's Antique Weapon Boutique.
  7924 | D:7      | Found Wyhorrun's Magic Scroll Shop.
  7957 | D:7      | Bought a scroll of teleportation for 39 gold pieces
  7957 | D:7      | Bought a scroll of teleportation for 39 gold pieces
  7957 | D:7      | Bought a scroll of identify for 26 gold pieces
  7957 | D:7      | Bought a scroll of fog for 52 gold pieces
  7957 | D:7      | Bought 2 scrolls of fear for 104 gold pieces
  8056 | D:7      | Reached skill level 10 in Stealth
  8277 | D:7      | Found a bloodstained altar of Trog.
  8345 | D:8      | Found a hazy altar of Hepliaklqana.
  8411 | D:8      | Found a runed translucent gate.
  8411 | D:8      | Found a runed translucent gate.
  8413 | D:8      | Found a runed translucent gate.
  8418 | D:8      | Noticed Swamplord's ghost (novice DrSh)
  8418 | D:8      | Noticed a spectral unseen horror
  8433 | D:8      | Noticed a troll
  8450 | D:8      | Killed a troll
  8451 | D:8      | Reached skill level 1 in Evocations
  8451 | D:8      | Reached XP level 10. HP: 60/76 MP: 10/17
  8543 | D:8      | Found a staircase to the Lair.
  8591 | D:8      | Noticed Joseph
  8611 | D:8      | Killed Joseph
  8623 | D:8      | HP: 1/76 [poisoned by a kobold]
  9180 | D:8      | Reached *** piety under Wu Jian
  9350 | D:9      | Reached skill level 10 in Short Blades
  9663 | D:9      | Noticed Maurice
  9665 | D:9      | Killed Maurice
  9666 | D:9      | Reached skill level 1 in Conjurations
  9668 | D:9      | Reached skill level 1 in Ice Magic
  9774 | D:9      | Reached skill level 1 in Armour
  9782 | D:9      | Identified the +4 quarterstaff of Jomeiq {speed, rC+ Will+
                  | Dex+2}
  9929 | D:10     | Entered Level 10 of the Dungeon
 10508 | D:11     | Noticed a two-headed ogre
 10511 | D:11     | Killed a two-headed ogre
 10615 | D:11     | Reached XP level 11. HP: 45/83 MP: 15/19
 10701 | D:11     | Noticed a boulder beetle
 10714 | D:11     | Killed a boulder beetle
 10971 | D:11     | Noticed a two-headed ogre
 10977 | D:11     | Killed a two-headed ogre
 11396 | D:7      | Bought a scorched rapier for 252 gold pieces
 11396 | D:7      | Identified the +5 rapier of the Elven Halls {freeze, rPois
                  | Str+3} (You bought it in a shop on level 7 of the Dungeon)
 11456 | Lair:1   | Entered Level 1 of the Lair of Beasts
 11482 | Lair:1   | Reached skill level 5 in Dodging
 11628 | Lair:1   | Reached skill level 11 in Stealth
 12100 | Lair:1   | Noticed Amaemon
 12103 | Lair:1   | Killed Amaemon
 12104 | Lair:1   | Reached skill level 5 in Evocations
 12321 | Lair:2   | Noticed Ratus's ghost (journeyman TrBe)
 12321 | Lair:2   | Found a runed translucent door.
 12427 | Lair:2   | Noticed an eight-headed hydra
 12430 | Lair:2   | Noticed a four-headed hydra
 12431 | Lair:2   | Killed an eight-headed hydra
 12434 | Lair:2   | Killed a four-headed hydra
 12596 | Lair:2   | Learned a level 5 spell: Yara's Violent Unravelling
 12632 | Lair:2   | Reached **** piety under Wu Jian
 12633 | Lair:2   | Reached XP level 12. HP: 90/92 MP: 20/22
 12850 | Lair:2   | Reached skill level 1 in Transmutations
 13378 | Lair:3   | Found a staircase to the Snake Pit.
 13386 | Lair:3   | Reached skill level 10 in Hexes
 13891 | Lair:3   | Reached skill level 12 in Stealth
 14522 | Lair:4   | Found a viscous altar of Jiyva.
 14522 | Lair:4   | Found a staircase to the Slime Pits.
 14690 | Lair:4   | Noticed a five-headed hydra
 14693 | Lair:4   | Killed a five-headed hydra
 14698 | Lair:4   | Noticed an eight-headed hydra
 14713 | Lair:4   | Killed an eight-headed hydra
 15283 | Lair:5   | Entered Level 5 of the Lair of Beasts
 15335 | Lair:5   | Noticed a catoblepas
 15364 | Lair:5   | HP: 4/95 [catoblepas (3)]
 15370 | Lair:5   | Found an ornate altar of the Wu Jian Council.
 15505 | Lair:5   | Noticed a six-headed hydra
 15518 | Lair:5   | Killed a six-headed hydra
 15651 | Lair:5   | Noticed a four-headed hydra
 15671 | Lair:5   | Killed a four-headed hydra
 15716 | Lair:5   | Reached skill level 10 in Fighting
 15716 | Lair:5   | Reached skill level 5 in Transmutations
 16209 | Lair:5   | Noticed a catoblepas
 16320 | Lair:5   | Killed a catoblepas
 16517 | Lair:5   | Killed a catoblepas
 16518 | Lair:5   | Reached XP level 13. HP: 85/103 MP: 23/23
 17014 | D:12     | Found a gate leading to a gauntlet.
 17037 | Gauntlet | Entered a Gauntlet
 17037 | Gauntlet | Found a transporter.
 17037 | Gauntlet | Found a transporter.
 17042 | Gauntlet | Found a runed translucent gate.
 17043 | Gauntlet | Found a transporter.
 17043 | Gauntlet | Found a runed translucent gate.
 17048 | Gauntlet | Found a runed translucent gate.
 17055 | Gauntlet | Found a transporter.
 17073 | Gauntlet | Found a transporter.
 17073 | Gauntlet | Found a transporter.
 17073 | Gauntlet | Found a transporter.
 17075 | Gauntlet | Found a transporter.
 17076 | Gauntlet | Found a transporter.
 17091 | Gauntlet | Found a transporter.
 17096 | Gauntlet | Found a runed translucent door.
 17103 | Gauntlet | Found a transporter.
 17112 | Gauntlet | Found a runed translucent door.
 17113 | Gauntlet | Found a transporter.
 17114 | Gauntlet | Found a runed translucent door.
 17127 | Gauntlet | Found a transporter.
 17147 | Gauntlet | Found a transporter.
 17208 | Gauntlet | Learned a level 3 spell: Swiftness
 17289 | Gauntlet | Identified the +0 pair of gloves "Utuergh" {Str-3 Dex+3
                  | Stlth+}
 17363 | Gauntlet | Identified the +0 pair of boots "Gycuif" {rElec Int+3
                  | Stlth-}
 17443 | Gauntlet | Noticed a minotaur
 17447 | Gauntlet | Killed a minotaur
 17553 | D:12     | Found a frozen archway.
 17586 | IceCv    | Entered an ice cave
 17597 | IceCv    | Reached ***** piety under Wu Jian
 18266 | IceCv    | Found an ancient bone altar of Kikubaaqudgha.
 20563 | D:12     | Found a runed translucent gate.
 20563 | D:12     | Found a runed translucent gate.
 20563 | D:12     | Noticed a merfolk javelineer
 20564 | D:12     | Noticed a merfolk impaler
 20625 | D:12     | Reached skill level 1 in Air Magic
 20974 | D:12     | Found a staircase to the Orcish Mines.
 21322 | D:12     | Found a runed translucent gate.
 21324 | D:12     | Noticed qborf's ghost (journeyman FoEn)
 21370 | D:12     | Identified the +2 robe of the Fife {rC+}
 21437 | D:12     | Found an iron altar of Okawaru.
 21441 | D:12     | Upgraded the game from 0.31-a0-344-gd109795599 to
                  | 0.31-a0-345-g1ebeae05c6
 21507 | Orc:1    | Entered Level 1 of the Orcish Mines
 21631 | Orc:2    | Entered Level 2 of the Orcish Mines
 21885 | Orc:2    | Found a staircase to the Elven Halls.
 21920 | Orc:2    | Noticed Josephine
 21945 | Orc:2    | Killed Josephine
 22421 | Orc:1    | Found Domoll's Armour Emporium.
 22972 | Orc:2    | Reached XP level 14. HP: 90/111 MP: 26/26
 22984 | Orc:2    | Reached ****** piety under Wu Jian
 23251 | Orc:2    | Noticed Jorgrun
 23262 | Orc:1    | Killed Jorgrun
 23519 | Orc:2    | Reached skill level 5 in Armour
 23702 | Orc:2    | Reached skill level 13 in Stealth
 23886 | Orc:2    | Found Baop's Antique Weapon Emporium.
 23889 | Orc:2    | Found Doddemua's Assorted Antiques.
 23890 | Orc:2    | Found Veupt's Weapon Emporium.
 23891 | Orc:2    | Found Qiclui's Magic Scroll Emporium.
 23969 | Orc:2    | Upgraded the game from 0.31-a0-345-g1ebeae05c6 to
                  | 0.31-a0-354-g827e0957a7
 24032 | Orc:2    | Bought a scroll of teleportation for 30 gold pieces
 24032 | Orc:2    | Bought 3 scrolls of blinking for 225 gold pieces
 24032 | Orc:2    | Bought 3 scrolls of fear for 120 gold pieces
 24032 | Orc:2    | Bought a scroll of teleportation for 30 gold pieces
 24032 | Orc:2    | Bought a scroll of teleportation for 30 gold pieces
 24034 | Orc:2    | Bought a potion of curing for 117 gold pieces
 24295 | D:6      | Bought a box of beasts for 960 gold pieces
 25151 | D:13     | Found a basalt altar of Yredelemnul.
 26030 | D:14     | Learned a level 2 spell: Blink
 26128 | D:14     | Found a portal to a secret trove of treasure.
 26308 | D:15     | Entered Level 15 of the Dungeon
 26371 | D:15     | Reached skill level 1 in Translocations
 26533 | D:15     | Found Neomuq's Distillery.
 26539 | D:15     | Bought a potion of resistance for 160 gold pieces
 26872 | D:15     | Found a stormy altar of Qazlal.
 27001 | D:15     | Identified the +10 tower shield "Johiorak" {+Blink Int+4}
 27001 | D:15     | Noticed Louise
 27024 | D:15     | Killed Louise
 27222 | D:15     | Found a staircase to the Depths.
 27623 | D:8      | Killed Swamplord's ghost
 27624 | D:8      | Reached XP level 15. HP: 114/120 MP: 28/28
 27738 | Lair:2   | Killed Ratus's ghost
 27739 | Lair:2   | Reached skill level 14 in Stealth
 27752 | Lair:2   | Identified a scroll of acquirement
 27753 | Lair:2   | Acquired the ring "Koxyelue" {rPois Str+5 Int+3}
 27990 | Snake:1  | Entered Level 1 of the Snake Pit
 28446 | Snake:1  | HP: 5/120 [naga/+0 halberd (15)]
 28452 | Snake:1  | Reached skill level 15 in Stealth
 29234 | Snake:2  | Reached skill level 1 in Shields
 30585 | Snake:2  | Found a runed translucent gate.
 30585 | Snake:2  | Found a runed translucent gate.
 30586 | Snake:2  | Noticed Punaxali's ghost (journeyman MiBe)
 30586 | Snake:2  | Noticed Wammyab's ghost (adept DsNe)
 30587 | Snake:2  | Found a runed translucent gate.
 30830 | Snake:3  | Noticed Vashnia
 30843 | Snake:2  | Killed Vashnia
 31346 | Snake:3  | Reached XP level 16. HP: 111/129 MP: 6/29
 31694 | Snake:3  | Reached skill level 5 in Translocations
 31903 | Snake:3  | Noticed Donald
 31983 | Snake:3  | Killed Donald
 32406 | Snake:3  | Reached skill level 10 in Spellcasting
 32596 | Snake:4  | Entered Level 4 of the Snake Pit
 32870 | Snake:4  | Noticed Nikola
 33674 | Snake:4  | Learned a level 4 spell: Anguish
 34092 | Snake:4  | Reached skill level 16 in Stealth
 34348 | Snake:3  | Killed Nikola
 34349 | Snake:3  | Reached skill level 1 in Necromancy
 35725 | Snake:4  | Found a runed translucent door.
 35726 | Snake:4  | Noticed Ymoomn's ghost (adept MiBe)
 37870 | Snake:4  | Reached XP level 17. HP: 102/137 MP: 11/31
 38572 | Snake:4  | Got a serpentine rune of Zot
 38641 | Snake:4  | Learned a level 7 spell: Enfeeble
 39162 | D:12     | Killed qborf's ghost
 39984 | Lair:5   | Reached skill level 10 in Evocations
 41427 | D:14     | Found a gate to the Vaults.
 41430 | D:14     | You fall into a shaft and drop 1 floor!
 41764 | Shoals:1 | Entered Level 1 of the Shoals
 42402 | Shoals:1 | Found the +9 sword of Power {lifebolt}
 42622 | Shoals:1 | Reached skill level 10 in Dodging
 42950 | Shoals:2 | Reached skill level 17 in Stealth
 42964 | Shoals:2 | Mangled by a snapping turtle

Illustrated notes

Levels and vault maps discovered:
D:1:      minmay_arrival_four_houses, layout_basic, minmay_hexomino_p4
D:2:      layout_loops_ring, shapermc_ecumenical_altar_mp_ritualfount,
          st_stairs_11, minmay_misc_feat_nine_boxes, kennysheep_generic_room_16
D:3:      layout_basic, marbit_many_paths, nicolae_tso_besieged_by_evil
D:4:      layout_basic, kennysheep_orc_sif_temple, lemuel_temple_firewalk_b
D:5:      layout_loops_ring, kennysheep_boxes, uniq_blork_the_orc
D:6:      layout_basic, jmf_multi_god_temple2, serial_shops, kennysheep_mini
D:7:      layout_loops_ring, mainiacjoe_overflow_alcove_4, enter_bailey_6,
          serial_shops, shop, shop, shop, kennysheep_flooded_box
D:8:      layout_basic, mainiacjoe_overflow_paths, erik_lair_island,
          gammafunk_ghost_necromancy, uniq_joseph
D:9:      layout_loops_cross, uniq_maurice
D:10:     layout_cave_pools, old_standard_altar
D:11:     layout_small_grid, hex_large
D:12:     layout_gridville, minmay_orc_entry_temple_small,
          gauntlet_entry_generic, serial_ice, serial_ice_n, serial_ice_c,
          serial_ice_a, serial_ice_e, portal_ice_cave_entry_pillars_2,
          gammafunk_ghost_fury_of_okawaru, minmay_microvault
D:13:     layout_cave_pools, nicolae_nh_vlads_tower
D:14:     layout_basic, erik_vaults_1, nicolae_trove_entry_path_of_doom,
          chequers_serial_rivers_small_a
D:15:     grunt_enter_depths_hoard, layout_loops_cross, serial_shops,
          nicolae_shop_peninsula, nicolae_qazlal_style_of_elements, uniq_louise
Temple:   nicolae_temple_great_sept
Lair:1:   layout_cave_pods, uniq_amaemon
Lair:2:   layout_cave_shapes, nicolae_shoals_entry_flooding,
          hellmonk_ghost_happy_afterlife, serial_bayou_lagoon_a
Lair:3:   layout_cave_pods, nicolae_snake_entry_squirm
Lair:4:   layout_layer_cave, slime_entry_1, serial_bayou_shore_b,
          lemuel_fruit_tree
Lair:5:   due_jungle_book, layout_regular_city, basic_altar
Shoals:1: layout_shoals, nicolae_shoals_arrival_archipelago
Shoals:2: layout_shoals, uniq_polyphemus, uniq_frances
Snake:1:  layout_rooms
Snake:2:  layout_rooms, gammafunk_ghost_cemetery
Snake:3:  layout_misc_corridors, uniq_donald, uniq_vashnia
Snake:4:  minmay_snake_end_coiled, layout_basic, gammafunk_ghost_grave,
          grunt_megastairs_5, uniq_nikola
Orc:1:    layout_caves, serial_shops, nicolae_shop_scrapyard
Orc:2:    st_orc_pillars, layout_diamond_mine, nicolae_orc_damp_corner,
          uniq_josephine, uniq_jorgrun

Skill      XL: |  1  2  3  4  5  6  7  8  9 10 11 12 13 14 15 16 17 |
---------------+----------------------------------------------------+-----
Fighting       | 1 2 3 5 6 7 10 11 12 13 | 13.8
Short Blades   | 2 3 4 6 9 10 | 10.0
Hexes          | 5 6 7 8 9 10 11 12 13 14 | 14.6
Stealth        | 5 6 7 10 11 12 13 15 16 17 | 17.0
Spellcasting   | 3 4 5 7 8 9 10 11 | 11.0
Dodging        | 3 4 5 6 8 9 10 | 10.0
Evocations     | 1 4 5 6 7 8 9 10 | 10.0
Conjurations   | 1 2 3 4 |  4.0
Ice Magic      | 1 3 4 |  4.0
Armour         | 1 3 4 6 |  6.0
Transmutations | 6 7 8 9 |  9.7
Air Magic      | 1 2 4 |  4.0
Translocations | 2 4 6 |  6.0
Shields        | 2 |  2.0
Necromancy     | 3 4 |  4.0

Action                     |  1- 3 |  4- 6 |  7- 9 | 10-12 | 13-15 | 16-18 || total
---------------------------+-------+-------+-------+-------+-------+-------++-------
  Melee: Dagger            |    63 |   173 |   310 |   405 |  1284 |   868 ||  3103
         Bite              |     5 |    17 |    32 |    49 |   175 |   162 ||   440
         Punch             |       |     2 |     3 |     2 |       |       ||     7
  Throw: Boomerang         |       |     1 |       |       |       |       ||     1
         Dart              |       |       |       |       |     2 |    16 ||    18
   Cast: Ensorcelled Hiber |    22 |    28 |    50 |   120 |   330 |   213 ||   763
         Confusing Touch   |       |     5 |    12 |    22 |    88 |    54 ||   181
         Dazzling Flash    |       |       |     6 |    11 |    37 |    53 ||   107
         Tukima's Dance    |       |       |     1 |    11 |    30 |    68 ||   110
         Cause Fear        |       |       |       |     2 |       |       ||     2
         Yara's Violent Un |       |       |       |       |     6 |    15 ||    21
         Swiftness         |       |       |       |       |     1 |     3 ||     4
         Blink             |       |       |       |       |     1 |     2 ||     3
         Anguish           |       |       |       |       |       |     4 ||     4
         Enfeeble          |       |       |       |       |       |    10 ||    10
 Invoke: Serpent's Lash    |       |       |       |       |       |     1 ||     1
Ability: Lunge             |       |       |    31 |    50 |   113 |    83 ||   277
         Whirlwind         |       |       |     5 |    14 |    63 |    35 ||   117
  Evoke: Wand              |       |       |       |     3 |    10 |    12 ||    25
         Box of beasts     |       |       |       |       |     2 |     2 ||     4
         Phial of floods   |       |       |       |       |     1 |     2 ||     3
         Phantom mirror    |       |       |       |       |       |     1 ||     1
    Use: Scroll            |     3 |     5 |     7 |    11 |    11 |     4 ||    41
         Potion            |       |       |     1 |     2 |     3 |     4 ||    10
   Stab: Sleeping          |    29 |    25 |    45 |    86 |   206 |   104 ||   495
         Confused          |       |     7 |     8 |    19 |    69 |    53 ||   156
         Invisible         |       |       |     5 |     6 |    34 |    40 ||    85
         Distracted        |       |       |       |       |     2 |     2 ||     4
         Paralysed         |       |       |       |       |     4 |       ||     4
 Armour: Robe              |    17 |    49 |    76 |       |       |       ||   142
         Ring mail         |       |       |    33 |   161 |   463 |   298 ||   955
         Leather armour    |       |       |       |       |    12 |       ||    12
  Dodge: Dodged            |    49 |    96 |   215 |   151 |   575 |   380 ||  1466
  Block: Buckler           |       |       |       |    30 |   176 |    98 ||   304

Table legend: (Time is in decaauts)
 A = Elapsed time spent in this place.
 B = Non-inter-level travel time spent in this place.
 C = Inter-level travel time spent in this place.
 D = Time resting spent in this place.
 E = Time spent auto-exploring this place.
 F = Levels seen in this place.
 G = Mean time per level.
                   A        B        C        D        E       F      G
               +--------+--------+--------+--------+--------+-----+--------+
         Total |  42043 |  38560 |   3483 |  11009 |  17707 |  32 | 1313.8 |
       Dungeon |  16407 |  14652 |   1755 |   1444 |  10245 |  15 | 1093.8 |
        Temple |     16 |      1 |     15 |      0 |      0 |   1 |   16.0 |
          Lair |   7652 |   6571 |   1081 |   1124 |   4301 |   5 | 1530.4 |
        Shoals |   1007 |    954 |     53 |     71 |    629 |   2 |  503.5 |
     Snake Pit |  10553 |  10180 |    373 |   5259 |   1881 |   4 | 2638.2 |
  Orcish Mines |   2523 |   2319 |    204 |    768 |    501 |   2 | 1261.5 |
        Bailey |    679 |    679 |      0 |    312 |      0 |   1 |  679.0 |
      Ice Cave |   2782 |   2782 |      0 |   1906 |     28 |   1 | 2782.0 |
      Gauntlet |    421 |    421 |      0 |    123 |    122 |   1 |  421.0 |
               +--------+--------+--------+--------+--------+-----+--------+

Top non-repeatable levels by time:
 Snake:4: 4686 daAuts
  Lair:5: 2897 daAuts
   IceCv: 2782 daAuts
 Snake:3: 2571 daAuts
   Orc:2: 1830 daAuts
 Snake:2: 1745 daAuts
 Snake:1: 1550 daAuts
    D:12: 1550 daAuts
    D:14: 1322 daAuts
     D:8: 1301 daAuts
  Lair:2: 1231 daAuts
  Lair:1: 1221 daAuts
     D:5: 1204 daAuts
     D:2: 1174 daAuts
  Lair:3: 1166 daAuts
